 Dungeon Crawl Stone Soup version 0.21.1-1-g345015f (webtiles) character file.

119 suicidejoker the Sneak (level 5, 0/35 HPs)
             Began as an Octopode Assassin on Apr 16, 2018.
             Was an Initiate of Gozag.
             Slain by an orc
             ... wielding a +0 flail
              (4 damage)
             ... on level 3 of the Dungeon.
             The game lasted 00:02:34 (2274 turns).

suicidejoker the Sneak (Octopode Assassin)          Turns: 2274, Time: 00:02:34

Health: 0/35       AC:  1    Str: 12    XL:     5   Next: 3%
Magic:  8/8        EV:  8    Int: 13    God:    Gozag
Gold:   143        SH: 10    Dex: 13    Spells: 8/8 levels left

rFire    . . .     SeeInvis .   a - +2 dagger
rCold    . . .     Gourm    .   h - +0 large shield
rNeg     . . .     Faith    .   (helmet restricted)
rPois    .         Spirit   .   (no amulet)
rElec    .         Reflect  .   (no ring)
rCorr    .         Harm     .   (no ring)
MR       .....                  (no ring)
Stlth    ++++......             (no ring)
HPRegen  0.11/turn              (no ring)
MPRegen  0.11/turn              (no ring)
                                (no ring)
                                (no ring)

@: gold aura, hasted, very quick
A: almost no armour, stealthy swim, amphibious, 8 rings, constrict 8, camouflage
1, gelatinous body 1
a: Potion Petition, Call Merchant, Bribe Branch, Renounce Religion


You were on level 3 of the Dungeon.
You worshipped Gozag.
Gozag was aware of your devotion.
You were very hungry.

You visited 1 branch of the dungeon, and saw 3 of its levels.

You collected 167 gold pieces.
You paid 24 gold pieces to Gozag.

Inventory:

Hand Weapons
 a - a +2 dagger (weapon)
 b - a +0 blowgun
Missiles
 c - 25 poisoned needles
 d - 2 curare-tipped needles
 i - 63 stones (quivered)
 o - 23 sling bullets
Armour
 h - a +0 large shield (worn)
Scrolls
 e - a scroll of identify {unknown}
 j - a scroll of enchant weapon {unknown}
 k - a scroll of enchant armour {unknown}
 l - a scroll of remove curse {unknown}
 n - a scroll of amnesia {unknown}
Potions
 m - a potion of mutation {unknown}
 p - a potion of curing {unknown}
Comestibles
 f - 7 rations


   Skills:
 + Level 2.3 Fighting
 + Level 2.4 Short Blades
 + Level 2.6 Throwing
 + Level 1.8 Dodging
 + Level 5.8 Stealth
 + Level 0.8 Shields
 * Level 2.1 Spellcasting


You had 8 spell levels left.
You didn't know any spells.

Dungeon Overview and Level Annotations

Branches:
Dungeon (3/15)

Altars:
Gozag
Trog
Wu Jian
Xom


Innate Abilities, Weirdness & Mutations

You cannot wear most types of armour.
You are very stealthy in the water. (Stealth+)
You are amphibious.
You can wear up to eight rings at the same time.
You can use your tentacles to constrict eight enemies at once.
Your skin changes colour to match your surroundings (Stealth+).
Your rubbery body absorbs attacks. (AC +1, EV +1)


Message History

You hit the worm.
You kill the worm!
You hit the orc but do no damage.
The orc is no longer distracted by gold.
You grab the orc. You constrict the orc.
The rat is no longer distracted by gold.
The orc hits you with a flail.
You hit the orc. Your grab misses the orc.
The orc is heavily wounded.
You constrict the orc.
The rat is distracted by the nearby gold.
The orc is distracted by the nearby gold.
The orc hits you with a flail!
* * * LOW HITPOINT WARNING * * *
You release your grip on the orc.
You see here 7 gold pieces.
It was a potion of haste.
You feel yourself speed up. The orc hits you with a flail.
You die...
Your body crumbles into a pile of gold.

#.############.....%.....
.........................
###.#.######....#........
#.#.# #....#........
#.#.# #....#.......r
#.#.# #.#....#........$
#.#.# #......$.o....#
#.#.# ###...#o#####.#
#.#.# #...#@# #####$# #.#
#.# #.# #.# #.# #.#


You could see an orc.

Vanquished Creatures
  A gnoll (D:1)
  4 adders (D:2)
  2 oozes
  2 worms
  4 dart slugs
  A leopard gecko (D:1)
  An orc (D:3)
  3 giant cockroaches
  6 goblins
  10 hobgoblins
  6 jackals (D:1)
  A kobold (D:2)
  3 frilled lizards
  4 rats (D:1)
48 creatures vanquished.

Notes
Turn   | Place    | Note
-------+----------+-------------------------------------------
     0 | D:1      | suicidejoker the Octopode Assassin began the quest for the Orb.
     0 | D:1      | Reached XP level 1. HP: 14/14 MP: 1/1
     0 | D:1      | Noticed a formicid
     1 | D:1      | Noticed a gargoyle
     3 | D:1      | Noticed a vine stalker
     6 | D:1      | Noticed an elf
    10 | D:1      | Noticed a dwarf
    12 | D:1      | Noticed an octopode
    12 | D:1      | Noticed a spriggan
    14 | D:1      | Noticed a felid
    16 | D:1      | Noticed a naga
    16 | D:1      | Noticed a human
    16 | D:1      | Noticed a dwarf
    18 | D:1      | Noticed a troll
    18 | D:1      | Noticed a gargoyle
   259 | D:1      | Reached XP level 2. HP: 19/19 MP: 2/2
   342 | D:1      | Reached skill level 1 in Spellcasting
   804 | D:1      | Reached XP level 3. HP: 24/24 MP: 4/4
  1312 | D:2      | Reached XP level 4. HP: 23/29 MP: 6/6
  1704 | D:2      | Found an opulent altar of Gozag.
  1717 | D:2      | Became a worshipper of Gozag Ym Sagoz the Greedy
  1945 | D:2      | Found a faded altar of an unknown god.
  1945 | D:2      | Found a bloodstained altar of Trog.
  1951 | D:2      | Found an ornate altar of the Wu Jian Council.
  1953 | D:2      | Found a shimmering altar of Xom.
  1954 | D:2      | Found a faded altar of an unknown god.
  2260 | D:3      | Reached XP level 5. HP: 35/35 MP: 8/8
  2274 | D:3      | Slain by an orc

Skill      XL: |  1  2  3  4 |
---------------+-------------+-----
Spellcasting   | 1 2 |  2.1
Fighting       | |  2.3
Short Blades   | |  2.4
Throwing       | |  2.6
Dodging        | |  1.8
Stealth        | |  5.8
Shields        | |  0.8

Action                   |  1- 3 |  4- 6 || total
-------------------------+-------+-------++-------
Melee: Dagger            |    60 |    44 ||   104
       Constrict         |    15 |    12 ||    27
       Tentacles         |    12 |     8 ||    20
  Use: Potion            |       |     1 ||     1
 Stab: Sleeping          |     7 |     5 ||    12
  Eat: Chunk             |       |     3 ||     3
Armor: Skin              |     4 |     3 ||     7
Dodge: Dodged            |    25 |     9 ||    34
Block: Large shield      |     3 |     8 ||    11
